 Dungeon Crawl Stone Soup version 0.28.0-43-g3370ac3207 (webtiles) character file.

Game seed: 4437402571625663436

16 spaghetti the Sneak (level 2, -2/17 HPs)
             Began as an Octopode Earth Elementalist on Mar 25, 2022.
             Slain by Jessica
             ... wielding a +2 dagger of protection
              (6 damage)
             ... on level 2 of the Dungeon.
             The game lasted 00:01:04 (873 turns).

spaghetti the Sneak (Octopode Earth Elementalist)    Turns: 873, Time: 00:01:05

Health: -2/17      AC:  1    Str:  7    XL:     2   Next: 58%
Magic:  0/5        EV: 13    Int: 17    God:
Gold:   43         SH:  0    Dex: 12    Spells: 4/5 levels left

rFire   . . .      SeeInvis .   (no weapon)
rCold   . . .      Faith    .   (no shield)
rNeg    . . .      Spirit   .   (helmet restricted)
rPois   .          Reflect  .   (no amulet)
rElec   .          Harm     .   (no ring)
rCorr   .          Rampage  .   (no ring)
Will    .....                   (no ring)
Stlth   ++++......              (no ring)
HPRegen 0.05/turn               (no ring)
MPRegen 0.09/turn               (no ring)
                                (no ring)
                                (no ring)

@: very slightly contaminated
A: almost no armour, amphibious, 8 rings, camouflage 1, gelatinous body 1,
(nimble swimmer 1), tentacles
a: no special abilities


You were on level 2 of the Dungeon.
You visited 1 branch of the dungeon, and saw 2 of its levels.

You collected 43 gold pieces.

Inventory:

Missiles
 b - 13 stones
Jewellery
 a - an amulet of faith


   Skills:
 - Level 2.0 Dodging
 + Level 4.4 Stealth
 - Level 2.0 Spellcasting
 - Level 1.0 Transmutations
 - Level 3.0 Earth Magic


You had 4 spell levels left.
You knew the following spells:

 Your Spells              Type           Power      Damage    Failure   Level
a - Sandblast             Erth           22%        2d7       5%          1

Your spell library contained the following spells:

 Spells                   Type           Power      Damage    Failure   Level
 Passwall                 Tmut/Erth      6%         N/A       13%         2
 Stone Arrow              Conj/Erth      12%        3d7       30%         3
 Petrify                  Tmut/Erth      8%         N/A       63%         4


Dungeon Overview and Level Annotations

Branches:
Dungeon (2/15)

Altars:

Annotations:
D:2 Jessica


Innate Abilities, Weirdness & Mutations

You cannot wear most types of armour.
You are amphibious.
You can wear up to eight rings at the same time.
Your skin changes colour to match your surroundings (Stealth+).
Your rubbery body absorbs attacks. (AC +1, EV +1)
((You are camouflaged when in or above water. (Stealth+)))
You have tentacles for arms and can constrict up to eight enemies at once.


Message History

Press: ? - help, Q - select action, (/) - cycle Shift-Dir - straight line, f - jackal
Aim: a jackal (74% to hit)
The blast of sand hits the jackal.
The jackal is moderately wounded.
A ball python comes into view.
The jackal closely misses you.
Jessica shouts, "You're disturbing me!
I'll have to kill you!" The jackal barely misses you.
Aiming: Sandblast (safe; 5% risk of failure)
Press: ? - help, Q - select action, (/) - cycle Shift-Dir - straight line, f - Jessica, p - jackal
Aim: Jessica, wielding a +2 dagger of protection and wearing a +0 robe (79% to hit)
The blast of sand hits the jackal but does no damage.
The jackal is moderately wounded.
The jackal bites you.
Aiming: Sandblast (safe; 5% risk of failure)
Press: ? - help, Q - select action, (/) - cycle Shift-Dir - straight line, p - Jessica The blast of sand hits the jackal.
You kill the jackal!
A rat comes into view.
Aiming: Sandblast (safe; 5% risk of failure)
Press: ? - help, Q - select action, (/) - cycle Shift-Dir - straight line, f - jackal
Aim: a jackal (74% to hit)
You miscast Sandblast.
You are very lightly contaminated with residual magic.
Nothing appears to happen.
Jessica gestures at you while chanting. Pain shoots through your body!
Ouch! That really hurt!
* * * LOW HITPOINT WARNING * * *
Unknown command.
Unknown command.
Aiming: Sandblast (safe; 5% risk of failure)
Press: ? - help, Q - select action, (/) - cycle Shift-Dir - straight line, f/p - jackal
Aim: a jackal (74% to hit)
The blast of sand hits Jessica but does no damage.
Jessica closely misses you.
You tentacle-slap Jessica but do no damage.
You grab Jessica. You constrict Jessica.
Jessica hits you with a +2 dagger of protection.
You die...

#.##.......# ..
##.####.##....##.####
..#
.........#.##........
.... #..#
#..#.##.##.####
....##..####..†.......#
..........##.#.......#
.....##.##.#########
.<##.#Sh##.##.##
.....rhh@@.....#
####.#########.# #.#
#.# #.# ... #.# #.#


You could see Jessica, 3 jackals, a ball python and a rat.

Vanquished Creatures
  2 ball pythons
  An endoplasm (D:1)
  A giant cockroach (D:2)
  2 hobgoblins (D:1)
  3 jackals
  A kobold (D:1)
  2 bats
  2 rats (D:2)
14 creatures vanquished.

Notes
Turn   | Place    | Note
-------+----------+-------------------------------------------
     0 | D:1      | spaghetti the Octopode Earth Elementalist began the quest
                  | for the Orb.
     0 | D:1      | Reached XP level 1. HP: 11/11 MP: 3/3
   141 | D:1      | Reached skill level 3 in Stealth
   574 | D:1      | Reached XP level 2. HP: 17/17 MP: 1/5
   582 | D:1      | Reached skill level 4 in Stealth
   864 | D:2      | Noticed Jessica
   873 | D:2      | Slain by Jessica

Illustrated notes

Levels and vault maps discovered:
D:1:      denvon_arrival_waterhouse, layout_loops_corners, serial_shops, shop,
          nicolae_shop_overgrown_old_shop, shop,
          shapermc_ecumenical_altar_ellora, minmay_splitting_lines,
          st_stairs_10, chequers_serial_rivers_micro_e
D:2:      layout_loops_cross, uniq_jessica, uniq_terence

Skill      XL: |  1  2 |
---------------+-------+-----
Stealth        | 3 4 |  4.4
Dodging        | |  2.0
Spellcasting   | |  2.0
Transmutations | |  1.0
Earth Magic    | |  3.0

Action                   || total
-------------------------++-------
Melee: Unarmed           ||    11
       Tentacles         ||     6
       Constrict         ||     2
 Cast: Sandblast         ||    17
 Stab: Sleeping          ||     1
Armor: Skin              ||     1
Dodge: Dodged            ||    11
